TOP OF THE 1ST |
University of Conneticut Huskies batting - Pitching for Louisiana State University Tigers : LHP Juan Barrios
|
Pitching: LHP Juan Barrios
|
|
Batting: RHB Kyle Finney
|
0-0: Ball 1-0: Ball 2-0: Swinging Strike 2-1: Ball 3-1: Called Strike 3-2: Strikes out swinging
|
Batting: LHB Andrew Barzee
|
0-0: Ball 1-0: Foul Ball, location: 2F 1-1: Fly out, F7 (Flyball, 7S, EV 73.1 MPH)
|
Batting: RHB Roku Kawano
|
0-0: Ground out 6-3 (Groundball, 6, EV 84.4 MPH)
|
Top of the 1st over - 0 runs, 0 hits, 0 errors, 0 left on base; University of Conneticut 0 - Louisiana State University 0 |
BOTTOM OF THE 1ST |
Louisiana State University Tigers batting - Pitching for University of Conneticut Huskies : RHP Andres Cruz
|
Pitching: RHP Andres Cruz
|
|
Batting: RHB Winston Vasquez
|
0-0: SINGLE (Groundball, 56, EV 96.9 MPH)
|
Batting: LHB Oscar Rivera
|
0-0: Swinging Strike 0-1: Swinging Strike 0-2: Ball 1-2: Fly out, F7 (Flyball, 7S, EV 76.9 MPH)
|
Batting: RHB Pete Roberts
|
0-0: Ball 1-0: Swinging Strike 1-1: Fielders Choice at 2nd, 6-4 (Groundball, 6, EV 85.6 MPH)
|
Batting: RHB Keith Ashton
|
0-0: SINGLE (Groundball, 56S, EV 70.0 MPH) (infield hit) Pete Roberts to second
|
Batting: LHB Elijah Mallandain
|
0-0: Called Strike 0-1: Foul Ball, location: 2F 0-2: Ball 1-2: Foul Ball, location: 2F 1-2: Foul Ball, location: 2F 1-2: Ball 2-2: Ball 3-2: Foul Ball, location: 2F 3-2: Foul Ball, location: 2F 3-2: Foul Ball, location: 2F 3-2: Ground out 4-3 (Groundball, 4, EV 81.9 MPH)
|
Bottom of the 1st over - 0 runs, 2 hits, 0 errors, 2 left on base; University of Conneticut 0 - Louisiana State University 0 |
TOP OF THE 2ND |
University of Conneticut Huskies batting - Pitching for Louisiana State University Tigers : LHP Juan Barrios
|
Batting: LHB Greg James
|
0-0: Ground out U3 (Groundball, 3, EV 86.9 MPH)
|
Batting: LHB Hector Acosta
|
0-0: SINGLE (Flyball, 89S, EV 90.6 MPH)
|
Batting: RHB Cullen Elliott
|
0-0: Called Strike 0-1: Ball 1-1: Swinging Strike 1-2: Strikes out looking
|
Batting: RHB Victor Nava
|
0-0: Ball 1-0: Called Strike 1-1: Ground out 4-3 (Groundball, 13, EV 82.5 MPH)
|
Top of the 2nd over - 0 runs, 1 hit, 0 errors, 1 left on base; University of Conneticut 0 - Louisiana State University 0 |
BOTTOM OF THE 2ND |
Louisiana State University Tigers batting - Pitching for University of Conneticut Huskies : RHP Andres Cruz
|
Batting: RHB Peter Turcotte
|
0-0: Ball 1-0: Fly out, F4 (Popup, 34, EV 71.9 MPH)
|
Batting: LHB Alex Morales
|
0-0: Ball 1-0: Swinging Strike 1-1: Ball 2-1: Ball 3-1: Fly out, F7 (Flyball, 7LSF, EV 99.4 MPH)
|
Batting: RHB David Dye
|
0-0: Ball 1-0: Ball 2-0: Foul Ball, location: 2F 2-1: Foul Ball, location: 2F 2-2: Foul Ball, location: 2F 2-2: Ball 3-2: Base on Balls
|
Batting: LHB Matt Ellington
|
0-0: Called Strike David Dye is caught stealing 2nd base 2-6
|
Bottom of the 2nd over - 0 runs, 0 hits, 0 errors, 0 left on base; University of Conneticut 0 - Louisiana State University 0 |
TOP OF THE 3RD |
University of Conneticut Huskies batting - Pitching for Louisiana State University Tigers : LHP Juan Barrios
|
Batting: RHB Jordan Nicholas
|
0-0: Called Strike 0-1: Ground out 4-3 (Groundball, 4, EV 108.8 MPH)
|
Batting: LHB Omar Alba
|
0-0: Swinging Strike 0-1: SINGLE (Groundball, 25, EV 68.8 MPH) (infield hit)
|
Batting: RHB Kyle Finney
|
0-0: Called Strike 0-1: Ball 1-1: Fly out, F6 (Line Drive, 6, EV 73.1 MPH)
|
Batting: LHB Andrew Barzee
|
0-0: Ball 1-0: Called Strike Pickoff Throw to First - Out! 1-3 CS
|
Top of the 3rd over - 0 runs, 1 hit, 0 errors, 0 left on base; University of Conneticut 0 - Louisiana State University 0 |
BOTTOM OF THE 3RD |
Louisiana State University Tigers batting - Pitching for University of Conneticut Huskies : RHP Andres Cruz
|
Batting: LHB Matt Ellington
|
0-0: SOLO HOME RUN (Flyball, 9D, EV 95.6 MPH), Distance : 363 ft
|
Batting: RHB Winston Vasquez
|
0-0: Swinging Strike 0-1: Foul Ball, location: 2F 0-2: SINGLE (Groundball, 6MD, EV 104.4 MPH)
|
Batting: LHB Oscar Rivera
|
0-0: Ball 1-0: Called Strike 1-1: Foul Ball, location: 2F 1-2: Strikes out swinging
|
Batting: RHB Pete Roberts
|
0-0: Ball Winston Vasquez is caught stealing 2nd base 2-4 1-0: Foul Ball, location: 2F 1-1: Swinging Strike 1-2: SINGLE (Groundball, 56D, EV 98.1 MPH)
|
Batting: RHB Keith Ashton
|
0-0: Called Strike 0-1: Ball 1-1: Foul Ball, location: 2F 1-2: Ball 2-2: Fly out, F4 (Popup, 3D, EV 62.5 MPH)
|
Bottom of the 3rd over - 1 run, 3 hits, 0 errors, 1 left on base; University of Conneticut 0 - Louisiana State University 1 |
TOP OF THE 4TH |
University of Conneticut Huskies batting - Pitching for Louisiana State University Tigers : LHP Juan Barrios
|
Batting: LHB Andrew Barzee
|
0-0: Called Strike 0-1: Ball 1-1: Ground out 6-3 (Groundball, 6, EV 81.2 MPH)
|
Batting: RHB Roku Kawano
|
0-0: Foul Ball, location: 2F 0-1: Called Strike 0-2: Strikes out swinging
|
Batting: LHB Greg James
|
0-0: Ground out 4-3 (Groundball, 4, EV 88.1 MPH)
|
Top of the 4th over - 0 runs, 0 hits, 0 errors, 0 left on base; University of Conneticut 0 - Louisiana State University 1 |
BOTTOM OF THE 4TH |
Louisiana State University Tigers batting - Pitching for University of Conneticut Huskies : RHP Andres Cruz
|
Pitching: LHP William Garcia
|
|
Batting: LHB Elijah Mallandain
|
0-0: Fly out, F7 (Flyball, 78M, EV 90.0 MPH)
|
Batting: RHB Peter Turcotte
|
0-0: Ball 1-0: Ground out 6-3 (Groundball, 6, EV 86.2 MPH)
|
Batting: LHB Alex Morales
|
0-0: Ball 1-0: Foul Ball, location: 2F 1-1: Called Strike 1-2: Strikes out swinging
|
Bottom of the 4th over - 0 runs, 0 hits, 0 errors, 0 left on base; University of Conneticut 0 - Louisiana State University 1 |
TOP OF THE 5TH |
University of Conneticut Huskies batting - Pitching for Louisiana State University Tigers : LHP Juan Barrios
|
Pitching: RHP Brian Hilbert
|
|
Now at 1B: David Olivarez
|
|
Now at 2B: Michael Maier
|
|
Now at 3B: Leo Roldan
|
|
Now in LF: Brian Caruso
|
|
Now in CF: John Carter
|
|
Now in RF: Elvin Ruffolo
|
|
Batting: LHB Hector Acosta
|
0-0: Foul Ball, location: 2F 0-1: Ball 1-1: Ball 2-1: Swinging Strike 2-2: DOUBLE (Line Drive, 7LS, EV 110.6 MPH)
|
Batting: RHB Cullen Elliott
|
0-0: Ball 1-0: Ball Passed Ball! Hector Acosta to third 2-0: Fly out, F7 (Flyball, 7, EV 98.1 MPH) Runner from 3rd tags up, SCORES, throw by LF
|
Batting: RHB Victor Nava
|
0-0: Called Strike 0-1: Ball 1-1: SINGLE (Groundball, 6MD, EV 98.8 MPH)
|
Batting: RHB Jordan Nicholas
|
0-0: Called Strike Victor Nava steals 2nd base (no throw) 0-1: Ball 1-1: Ball 2-1: Ball 3-1: Base on Balls
|
Pitching: LHP Logan Corrigan
|
|
Batting: LHB Omar Alba
|
0-0: Foul Ball, location: 2F 0-1: Foul Ball, location: 2F 0-2: Fly out, F7 (Flyball, 7LM, EV 95.6 MPH)
|
Pinch Hitting: RHB Jack Vokey
|
0-0: SINGLE (Flyball, 8LS, EV 91.9 MPH) Victor Nava to third Jordan Nicholas to second Runner from 3rd tries for Home, SAFE, throw by CF to home
|
Pinch Hitting: RHB Charlie Slayback
|
0-0: Fielders Choice at 2nd, 5-4 (Groundball, 5, EV 84.4 MPH)
|
Top of the 5th over - 2 runs, 3 hits, 0 errors, 2 left on base; University of Conneticut 2 - Louisiana State University 1 |
BOTTOM OF THE 5TH |
Louisiana State University Tigers batting - Pitching for University of Conneticut Huskies : LHP William Garcia
|
Pitching: RHP Tony de Anda
|
|
Now at C: Miguel Perez
|
|
Now at 1B: Lee Wilbur
|
|
Now at 2B: Cullen Elliott
|
|
Now at SS: Jack Vokey
|
|
Pinch Hitting: RHB D.J. Ganz
|
0-0: Foul Ball, location: 2F 0-1: Ball 1-1: Ground out 6-3 (Groundball, 56, EV 108.1 MPH)
|
Batting: LHB Matt Ellington
|
0-0: Called Strike 0-1: Ball 1-1: Ball 2-1: Reached on error, E5 (Groundball, 56S, EV 87.5 MPH)
|
Batting: SHB Brian Caruso
|
0-0: Swinging Strike 0-1: Foul Ball, location: 2F 0-2: Ball 1-2: Ball 2-2: Foul Ball, location: 2F 2-2: Ball 3-2: 2-RUN HOME RUN (Flyball, 9D, EV 98.1 MPH), Distance : 377 ft
|
Batting: RHB Leo Roldan
|
0-0: DOUBLE (Flyball, 8LD, EV 92.5 MPH)
|
Batting: RHB Stewart Walker
|
0-0: Ball Passed Ball! Leo Roldan to third 1-0: Called Strike 1-1: Swinging Strike 1-2: Foul Ball, location: 2F 1-2: Ball 2-2: Ground out U3 (Groundball, 34, EV 106.2 MPH) Leo Roldan scores
|
Batting: LHB John Carter
|
0-0: Called Strike 0-1: Ball 1-1: Foul Ball, location: 2F 1-2: Foul Ball, location: 2F 1-2: Strikes out looking
|
Bottom of the 5th over - 3 runs, 2 hits, 1 error, 0 left on base; University of Conneticut 2 - Louisiana State University 4 |
TOP OF THE 6TH |
University of Conneticut Huskies batting - Pitching for Louisiana State University Tigers : LHP Logan Corrigan
|
Pitching: RHP Jessie Amann
|
|
Now at C: Stone Fraser
|
|
Now at SS: Steve McCoig
|
|
Batting: RHB Lee Wilbur
|
0-0: Fly out, F8 (Flyball, 8RD, EV 92.5 MPH)
|
Pinch Hitting: RHB Victor Ramos
|
0-0: Ball 1-0: Ball 2-0: Ball 3-0: Called Strike 3-1: Foul Ball, location: 2F 3-2: Strikes out looking
|
Batting: RHB Matthew Lanford
|
0-0: Swinging Strike 0-1: Foul Ball, location: 2F 0-2: Ball 1-2: Foul Ball, location: 2F 1-2: Ball 2-2: Foul Ball, location: 2F 2-2: Ball 3-2: Strikes out looking
|
Top of the 6th over - 0 runs, 0 hits, 0 errors, 0 left on base; University of Conneticut 2 - Louisiana State University 4 |
BOTTOM OF THE 6TH |
Louisiana State University Tigers batting - Pitching for University of Conneticut Huskies : RHP Tony de Anda
|
Pitching: RHP Gabe Martinez
|
|
Now in RF: Victor Ramos
|
|
Batting: RHB Elvin Ruffolo
|
0-0: Called Strike 0-1: Ball 1-1: Ball 2-1: DOUBLE (Line Drive, 78M, EV 96.9 MPH)
|
Batting: RHB Michael Maier
|
0-0: Ball 1-0: Ball Elvin Ruffolo steals 3rd base 2-0: Ball 3-0: Foul Ball, location: 2F 3-1: Base on Balls
|
Batting: RHB David Olivarez
|
0-0: Ball Michael Maier steals 2nd base 1-0: Fly out, F4 (Popup, 4, EV 74.4 MPH)
|
Batting: RHB Steve McCoig
|
0-0: SINGLE (Line Drive, 4D, EV 98.1 MPH) Elvin Ruffolo scores Michael Maier to third
|
Batting: SHB Stone Fraser
|
0-0: Called Strike 0-1: Called Strike 0-2: Ball 1-2: Ball 2-2: Foul Ball, location: 2F 2-2: Foul Ball, location: 2F 2-2: Foul Ball, location: 2F 2-2: Ball 3-2: SINGLE (Groundball, 15S, EV 69.4 MPH) (infield hit) Steve McCoig to second
|
Batting: SHB Brian Caruso
|
0-0: Called Strike 0-1: Foul Ball, location: 2F 0-2: Ball 1-2: Fly out, F9 (Flyball, 9D, EV 86.9 MPH) Runner from 3rd tags up, SCORES, no throw by RF
|
Batting: RHB Leo Roldan
|
0-0: Called Strike 0-1: Swinging Strike 0-2: Ball 1-2: Ball 2-2: Fielders Choice at 2nd, 6-4 (Groundball, 6, EV 108.8 MPH)
|
Bottom of the 6th over - 2 runs, 3 hits, 0 errors, 2 left on base; University of Conneticut 2 - Louisiana State University 6 |
TOP OF THE 7TH |
University of Conneticut Huskies batting - Pitching for Louisiana State University Tigers : RHP Jessie Amann
|
Pitching: LHP Dan Cunningham
|
|
Batting: RHB Cullen Elliott
|
0-0: Called Strike 0-1: Ball 1-1: Ball 2-1: Foul Ball, location: 2F 2-2: Ball 3-2: Strikes out swinging
|
Batting: RHB Victor Nava
|
0-0: DOUBLE (Groundball, 3L, EV 105.6 MPH)
|
Batting: RHB Jordan Nicholas
|
0-0: Called Strike 0-1: Called Strike 0-2: Ball 1-2: Strikes out swinging
|
Batting: LHB Omar Alba
|
0-0: DOUBLE (Line Drive, 9LS, EV 96.9 MPH) Victor Nava scores
|
Batting: RHB Jack Vokey
|
0-0: Called Strike 0-1: Swinging Strike 0-2: Ball 1-2: Strikes out swinging
|
Top of the 7th over - 1 run, 2 hits, 0 errors, 1 left on base; University of Conneticut 3 - Louisiana State University 6 |
BOTTOM OF THE 7TH |
Louisiana State University Tigers batting - Pitching for University of Conneticut Huskies : RHP Gabe Martinez
|
Pitching: LHP Alex Membreno
|
|
Batting: RHB Stewart Walker
|
0-0: Ball 1-0: Ball 2-0: Fly out, F9 (Flyball, 89S, EV 87.5 MPH)
|
Batting: LHB John Carter
|
0-0: Ball 1-0: Ball 2-0: Called Strike 2-1: Ground out 4-3 (Groundball, 34D, EV 81.9 MPH)
|
Batting: RHB Elvin Ruffolo
|
0-0: Foul Ball, location: 2F 0-1: Ball 1-1: SINGLE (Groundball, 6, EV 102.5 MPH)
|
Batting: RHB Michael Maier
|
0-0: Ball 1-0: Called Strike Elvin Ruffolo is caught stealing 2nd base 2-4
|
Bottom of the 7th over - 0 runs, 1 hit, 0 errors, 0 left on base; University of Conneticut 3 - Louisiana State University 6 |
TOP OF THE 8TH |
University of Conneticut Huskies batting - Pitching for Louisiana State University Tigers : LHP Dan Cunningham
|
Pitching: RHP Nick McCoy
|
|
Batting: SHB Miguel Perez
|
0-0: Ball 1-0: Called Strike 1-1: Foul Ball, location: 2F 1-2: Foul Ball, location: 2F 1-2: Ball 2-2: Strikes out looking
|
Pinch Hitting: RHB Paul Pastrano
|
0-0: Called Strike 0-1: Fly out, F4 (Popup, 3DF, EV 46.9 MPH)
|
Batting: RHB Victor Ramos
|
0-0: Hit by Pitch
|
Batting: RHB Matthew Lanford
|
0-0: Ball 1-0: Called Strike 1-1: Ball 2-1: Foul Ball, location: 2F 2-2: Fly out, F7 (Flyball, 78M, EV 93.1 MPH)
|
Top of the 8th over - 0 runs, 0 hits, 0 errors, 1 left on base; University of Conneticut 3 - Louisiana State University 6 |
BOTTOM OF THE 8TH |
Louisiana State University Tigers batting - Pitching for University of Conneticut Huskies : LHP Alex Membreno
|
Pitching: RHP Gilberto Herrero
|
|
Now at 1B: Paul Pastrano
|
|
Pinch Hitting: LHB Jon Valdez
|
0-0: Ball 1-0: Called Strike 1-1: Ball 2-1: Fly out, F8 (Flyball, 8RD, EV 86.9 MPH)
|
Pinch Hitting: RHB Byung-hee Jee
|
0-0: Called Strike 0-1: Ball 1-1: Ball 2-1: Foul Ball, location: 2F 2-2: Foul Ball, location: 2F 2-2: Ball 3-2: Ground out 4-3 (Groundball, 4M, EV 101.9 MPH)
|
Batting: RHB Steve McCoig
|
0-0: Foul Ball, location: 2F 0-1: Ball 1-1: Ball 2-1: Ball 3-1: Foul Ball, location: 2F 3-2: Base on Balls
|
Batting: SHB Stone Fraser
|
0-0: Called Strike 0-1: Called Strike 0-2: Strikes out swinging
|
Bottom of the 8th over - 0 runs, 0 hits, 0 errors, 1 left on base; University of Conneticut 3 - Louisiana State University 6 |
TOP OF THE 9TH |
University of Conneticut Huskies batting - Pitching for Louisiana State University Tigers : RHP Nick McCoy
|
Pitching: RHP Sal Ganzalez
|
|
Now at 1B: Ding-bong Zhào
|
|
Now at 2B: Mike Catalano
|
|
Batting: RHB Cullen Elliott
|
0-0: Ball 1-0: Ball 2-0: Ball 3-0: Called Strike 3-1: SINGLE (Groundball, 6MD, EV 103.8 MPH)
|
Batting: RHB Victor Nava
|
0-0: Called Strike 0-1: Swinging Strike 0-2: Ball 1-2: Foul Ball, location: 2F 1-2: Foul Ball, location: 2F 1-2: Strikes out looking
|
Batting: RHB Jordan Nicholas
|
0-0: Swinging Strike 0-1: Foul Ball, location: 2F 0-2: Strikes out swinging
|
Batting: LHB Omar Alba
|
0-0: Ball 1-0: Foul Ball, location: 2F 1-1: Swinging Strike 1-2: Strikes out looking
|
Top of the 9th over - 0 runs, 1 hit, 0 errors, 1 left on base; University of Conneticut 3 - Louisiana State University 6 |
|